 Dungeon Crawl Stone Soup version 0.22-a0-608-g8a62e23 (webtiles) character file.

158 sking99 the Insei (level 5, -1/44 HPs)
             Began as a Draconian Transmuter on July 9, 2018.
             Was a Believer of Cheibriados.
             Slain by a gnoll
             ... wielding a +0 club
              (5 damage)
             ... on level 3 of the Dungeon.
             The game lasted 00:06:28 (3635 turns).

sking99 the Insei (Draconian Transmuter)            Turns: 3635, Time: 00:06:30

Health: -1/44      AC:  5    Str: 16    XL:     5   Next: 16%
Magic:  0/17       EV: 12    Int: 19    God:    Cheibriados [**....]
Gold:   176        SH:  0    Dex: 17    Spells: 5/8 levels left

rFire    . . .     SeeInvis .     - Unarmed
rCold    . . .     Gourm    .   (no shield)
rNeg     + . .     Faith    .   (armour unavailable)
rPois    .         Spirit   +   (helmet restricted)
rElec    .         Reflect  .   (no cloak)
rCorr    .         Harm     .   (no gloves)
MR       .....                  (no boots)
Stlth    ++........             b - amulet of guardian spirit
HPRegen  0.14/turn              m - ring of magical power
MPRegen  0.15/turn              n - ring of positive energy

@: very slow
A: unfitting armour, horns 1, clever 1, cold-blooded, AC +5
a: Bend Time, Renounce Religion


You were on level 3 of the Dungeon.
You worshipped Cheibriados.
Cheibriados was pleased with you.
You were not hungry.

You visited 1 branch of the dungeon, and saw 3 of its levels.
You also visited: Sewer.

You collected 176 gold pieces.

Inventory:

Missiles
 a - 22 arrows
Jewellery
 b - an amulet of guardian spirit (around neck)
 m - a ring of magical power (left hand)
 n - a ring of positive energy (right hand)
Scrolls
 d - 2 scrolls of fear
 j - 2 scrolls of remove curse
 q - a scroll of magic mapping
 r - a scroll of identify
Potions
 e - a potion of degeneration {unknown}
 f - 2 potions of curing
 g - a potion of agility {unknown}
 k - 4 potions of haste
 o - a potion of magic {unknown}
Comestibles
 c - 5 rations
 i - 8 chunks of flesh


   Skills:
 + Level 2.8 Fighting
 - Level 1.7 Dodging
 * Level 4.7 Unarmed Combat
 - Level 2.0 Spellcasting
 + Level 3.1 Transmutations


You had 5 spell levels left.
You knew the following spells:

 Your Spells              Type           Power        Failure   Level  Hunger
a - Beastly Appendage     Tmut           ##....       4%          1    #......
b - Sticks to Snakes      Tmut           ##......     7%          2    ###....

Your spell library contained the following spells:

 Spells                   Type           Power        Failure   Level  Hunger
 Spider Form              Tmut/Pois      #.........   26%         3    ###....
 Blade Hands              Tmut           ##........   78%         5    ######.
 Ice Form                 Ice/Tmut       #.......     65%         4    #####..


Dungeon Overview and Level Annotations

Branches:
Dungeon (3/15)

Altars:
Cheibriados
Okawaru

Annotations:
D:3 Natasha


Innate Abilities, Weirdness & Mutations

Your plain brown scales are hard. (AC +5)
You cannot fit into any form of body armour.
You are cold-blooded and may be slowed by cold attacks.
You have a pair of small horns on your head.
Your mind is acute. (Int +2)


Message History

The gnoll closely misses you.
You hit the gnoll.
The gnoll is moderately wounded.
Natasha claws you but does no damage.
The gnoll hits you from afar with a halberd!
* * * LOW HITPOINT WARNING * * *
The gnoll closely misses you.
Unknown command.
It was a potion of mutation.
You feel extremely strange.
You feel clever. A pair of horns grows on your head! Natasha barely misses you.
The gnoll hits you from afar with a halberd.
* * * LOW HITPOINT WARNING * * *
It was a potion of curing.
You feel better. Natasha casts a spell at you. You resist with some effort.
The gnoll hits you from afar with a halberd!
* * * LOW HITPOINT WARNING * * *
The gnoll hits you with a club.
You die...

#......######*** *,,,,
###.#..........,,* *,***
.##.###)#######*,* *,*
.##......)..####.# *,*
.######..........# *,*
.#.##....##.######**# *,*
.#.##.#.....#######(#
*,***
...##...............####**
*,*,,
##.##.......#...@g......,*
*,,,*
...##.###.###.###h......,*
***,* #####.#
#.....#,,.g.....,* *,*
..<##.#######.#,*#......,*
*,* ##.##.<...#
#.#,**......,* *,*
##.##..##.# ###,,,......,*
*,* ##.##.....#
****,....>,******,*
##.....#..#
*,,,,.....,,<,,,,,*
#######...#
*,**,,,,,,,********


You could see Natasha and 2 gnolls.

Vanquished Creatures
  A gnoll (D:3)
  7 adders
  3 worms (D:3)
  A dart slug (D:2)
  3 leopard geckos
  An orc (D:3)
  A ball python (Sewer)
  8 bats
  2 giant cockroaches
  4 goblins
  5 hobgoblins
  9 jackals
  A quokka (D:3)
  8 frilled lizards
  9 kobolds
  12 rats
  2 plants (Sewer)
77 creatures vanquished.

Notes
Turn   | Place    | Note
-------+----------+-------------------------------------------
     0 | D:1      | sking99 the Draconian Transmuter began the quest for the Orb.
     0 | D:1      | Reached XP level 1. HP: 16/16 MP: 3/3
    86 | D:1      | Reached XP level 2. HP: 19/23 MP: 5/5
   151 | D:1      | Learned a level 2 spell: Sticks to Snakes
  1262 | D:2      | Reached XP level 3. HP: 29/29 MP: 6/6
  1333 | D:2      | Found a snail-covered altar of Cheibriados.
  1363 | D:2      | Became a worshipper of Cheibriados the Contemplative
  1569 | D:2      | Found an iron altar of Okawaru.
  1758 | D:2      | Found a faded altar of an unknown god.
  1899 | D:3      | Reached skill level 4 in Unarmed Combat
  1990 | D:3      | Reached XP level 4. HP: 26/36 MP: 7/7
  2005 | D:3      | Reached * piety under Cheibriados
  2009 | D:3      | Found a glowing drain.
  2103 | Sewer    | Entered a sewer
  3204 | D:3      | Reached ** piety under Cheibriados
  3222 | D:3      | Reached XP level 5. HP: 31/42 MP: 8/8
  3632 | D:3      | Noticed Natasha
  3634 | D:3      | Gained mutation: Your mind is acute. (Int +2) [potion of mutation]
  3634 | D:3      | Gained mutation: You have a pair of small horns on your head. [potion of mutation]
  3635 | D:3      | Slain by a gnoll

Vault maps used:
D:1:      minmay_arrival_floating_metal, minivault_23
D:2:      old_standard_altar, lemuel_crystal_altar,
          chequers_ecumenical_altar_lobes
D:3:      lightli_sewer_entry_pipes, biasface_ghost_orc_armoury, first_ration,
          fedhas_altar_4, uniq_natasha
Sewer:    sewer_co_scattered_pipes

Skill      XL: |  1  2  3  4 |
---------------+-------------+-----
Fighting       | 2 |  2.8
Unarmed Combat | 4 |  4.7
Transmutations | 3 |  3.1
Dodging        | |  1.7
Spellcasting   | |  2.0

Action                   |  1- 3 |  4- 6 || total
-------------------------+-------+-------++-------
Melee: Unarmed           |   134 |   285 ||   419
       Tailslap          |    15 |    36 ||    51
       Punch             |     1 |     6 ||     7
       Headbutt          |     1 |     2 ||     3
 Cast: Beastly Appendage |     1 |     1 ||     2
Invok: Bend Time         |       |     1 ||     1
  Use: Scroll            |     5 |     2 ||     7
       Potion            |       |     2 ||     2
 Stab: Sleeping          |     2 |     2 ||     4
  Eat: Chunk             |     4 |     3 ||     7
Armor: Skin              |    55 |    29 ||    84
Dodge: Dodged            |   107 |    88 ||   195

Table legend:
 A = Spawn XP
 B = Non-spawn XP
 C = Spawn XP percentage of total XP
 D = Spawn monster count
 E = Non-spawn monster count
 F = Spawn count percentage of total count
 G = Total turns spent on level
                    A         B        C        D         E        F      G
               +---------+---------+-------+---------+---------+-------+---------
         Total |       0 |     226 |   0.0 |       0 |      75 |   0.0 |  3635
               +---------+---------+-------+---------+---------+-------+---------
           D:1 |       0 |      34 |   0.0 |       0 |      20 |   0.0 |  1086
           D:2 |       0 |      24 |   0.0 |       0 |      15 |   0.0 |   702
           D:3 |       0 |     103 |   0.0 |       0 |      21 |   0.0 |   775
         Sewer |       0 |      65 |   0.0 |       0 |      19 |   0.0 |  1072
               +---------+---------+-------+---------+---------+-------+---------
